 Dungeon Crawl Stone Soup version bcrawl-1.19.1 (webtiles) character file.

Game seed: 3612750133388661263

74 Mrkan the Skirmisher (level 4, 0/49 HPs)
             Began as an Ogre Fighter on Dec 6, 2019.
             Was an Initiate of Dithmenos.
             Succumbed to a scorpion's poison
             ... on level 3 of the Dungeon.
             The game lasted 00:03:58 (2472 turns).

Mrkan the Skirmisher (Ogre Fighter)                 Turns: 2472, Time: 00:03:58

Health: 0/49       AC:  3    Str: 21    XL:     4   Next: 30%
Magic:  4/4        EV:  8    Int:  9    God:    Dithmenos [......]
Gold:   59         SH:  8    Dex:  8    Spells: 3/3 levels left

rFire    . . .     SeeInvis .   a - +0 flail
rCold    . . .     Gourm    .   c - +0 shield
rNeg     . . .     Faith    .   b - +0 robe
rPois    .         Spirit   .   (helmet restricted)
rElec    .         Reflect  .   (no cloak)
rCorr    .         Harm     .   (gloves unavailable)
MR       .....                  (boots unavailable)
Stlth    +.........             (no amulet)
HPRegen  0.16/turn              (no ring)
MPRegen  0.09/turn              (no ring)

@: lethally poisoned (0 -> -6)
A: large, unfitting armour, tough skin 1
a: Renounce Religion


You were on level 3 of the Dungeon.
You worshipped Dithmenos.
Dithmenos was noncommittal.
You were very hungry.

You visited 1 branch of the dungeon, and saw 3 of its levels.

You collected 59 gold pieces.

Inventory:

Hand Weapons
 a - a +0 flail (weapon)
Armour
 b - a +0 robe (worn)
 c - a +0 shield (worn)
Jewellery
 h - an uncursed amulet of faith {unknown}
 o - an uncursed ring of fire {unknown}
Scrolls
 e - 5 scrolls of identify {unknown}
 i - 4 scrolls of teleportation {unknown}
 j - 3 scrolls of enchant weapon {unknown}
 l - a scroll of magic mapping {unknown}
 n - a scroll of enchant armour {unknown}
Potions
 d - a potion of might
 g - 2 potions of curing {unknown}
 k - 2 potions of ambrosia {unknown}
Comestibles
 f - 6 rations {!d}


   Skills:
 + Level 4.6 Fighting
 * Level 3.9 Maces & Flails
 + Level 3.1 Dodging
 + Level 3.1 Shields


You had 3 spell levels left.
You didn't know any spells.
Your spell library was empty.

Dungeon Overview and Level Annotations

Branches:
Dungeon (3/12)

Altars:
Ashenzari
Dithmenos
Fedhas
Makhleb
Qazlal
Xom
The Shining One


Innate Abilities, Weirdness & Mutations

You are too large for most types of armour.
You have tough skin. (AC +1)


Message History

You feel sick.
You feel sick.
You hit the scorpion but do no damage.
You feel sick. The scorpion stings you.
You are more poisoned.
The scorpion poisons you!
You closely miss the scorpion.
You feel sick. The scorpion stings you!
* * * LOW HITPOINT WARNING * * *
You closely miss the scorpion.
You feel sick. The scorpion stings you!
* * * LOW HITPOINT WARNING * * *
You barely miss the scorpion.
* * * LOW HITPOINT WARNING * * *
You feel sick. You block the scorpion's attack.
The scorpion completely misses you.
You hit the scorpion.
The scorpion is moderately wounded.
* * * LOW HITPOINT WARNING * * *
You feel sick. You block the scorpion's attack.
You thump the scorpion!
The scorpion is heavily wounded.
You die...

##..........# ##...
#.⌠...>...⌠.# #.###....
#.....?....####......<.
#.⌠...⌠......#######.#
#.....# #. #.# ####.###.##.#
#.# #g...)...# ##'#
#s###.##.# ##... #@# #.##.#
##.... ### #######.# #..#.#
##.....
#_###_#_#_#.###....###......
##.#.#.#.#.8..........'......
#_...........###....###......
##..................# ##.....
#..#.#.#.#.8#####.### ##....
####.#♣#⌠#.## #.# ##... ###
##### #.# ##'#


You could see a scorpion and a hobgoblin.

Vanquished Creatures
  A hound skeleton (D:3)
  An adder (D:2)
  An ooze (D:1)
  2 worms
  4 dart slugs
  A giant cockroach (D:2)
  6 hobgoblins (D:2)
  3 jackals (D:2)
  2 kobolds (D:2)
  2 quokkas
  2 bats (D:2)
  2 frilled lizards (D:2)
  5 goblins
  2 rats (D:2)
34 creatures vanquished.

Notes
Turn   | Place    | Note
-------+----------+-------------------------------------------
     0 | D:1      | Mrkan the Ogre Fighter began the quest for the Orb.
     0 | D:1      | Reached XP level 1. HP: 24/24 MP: 1/1
   702 | D:1      | Reached XP level 2. HP: 21/32 MP: 2/2
  1170 | D:2      | Found a shadowy altar of Dithmenos.
  1185 | D:2      | Reached XP level 3. HP: 5/40 MP: 3/3
  1196 | D:2      | HP: 1/40 [jackal (3)]
  1592 | D:2      | Became a worshipper of Dithmenos the Shadowed
  1743 | D:2      | Found a burning altar of Makhleb.
  1743 | D:2      | Noticed a cacodemon
  1747 | D:2      | Noticed a smoke demon
  1747 | D:2      | Noticed a ynoxinul
  1970 | D:2      | Reached XP level 4. HP: 49/49 MP: 4/4
  2422 | D:3      | Found a glowing golden altar of the Shining One.
  2426 | D:3      | Found a shimmering altar of Xom.
  2429 | D:3      | Found a blossoming altar of Fedhas.
  2429 | D:3      | Found a shattered altar of Ashenzari.
  2435 | D:3      | Found a stormy altar of Qazlal.
  2470 | D:3      | HP: 2/49 [poisoned by a scorpion]
  2472 | D:3      | Succumbed to a scorpion's poison

Skill      XL: |  1  2  3 |
---------------+----------+-----
Maces & Flails | 3 |  3.9
Shields        | 3 |  3.1
Dodging        | 3 |  3.1
Fighting       | |  4.6

Action                   |  1- 3 |  4- 6 || total
-------------------------+-------+-------++-------
Melee: Flail             |   114 |    29 ||   143
  Use: Potion            |     1 |       ||     1
  Eat: Chunk             |     3 |     1 ||     4
Armor: Robe              |    45 |     4 ||    49
Dodge: Dodged            |    42 |     7 ||    49
Block: Shield            |    78 |    16 ||    94
